 Dungeon Crawl Stone Soup version 0.29-a0-563-g64e4043184 (webtiles) character file.

Game seed: 14472606509333161680

158 frimble the Shield-Bearer (level 6, 0/53 HPs)
             Began as a Meteoran Fighter on June 12, 2022.
             Slain by a hound (2 damage)
             ... on level 3 of the Dungeon.
             The game lasted 00:02:06 (1326 turns).

frimble the Shield-Bearer (Meteoran Fighter)        Turns: 1326, Time: 00:02:07

Health: 0/53       AC:  8    Str: 19    XL:     6   Next: 0%
Magic:  7/7        EV: 10    Int: 11    God:
Gold:   89         SH:  5    Dex: 13    Spells: 5/5 levels left

rFire   . . .      SeeInvis .   a - +0 war axe
rCold   + . .      Faith    .   c - +0 buckler
rNeg    . . .      Spirit   .   b - +1 scale mail
rPois   .          Reflect  .   (no helmet)
rElec   .          Harm     .   (no cloak)
rCorr   .          Rampage  .   (no gloves)
Will    .....                   (no boots)
Stlth   ..........              (no amulet)
HPRegen 0.17/turn               h - ring of protection from cold
MPRegen 0.10/turn               (no ring)

@: mighty, glowing
A: sense surroundings 1, otherworldly, glowing, explore regen
a: no special abilities


You were on level 3 of the Dungeon.
You visited 1 branch of the dungeon, and saw 3 of its levels.

You collected 89 gold pieces.

Inventory:

Hand Weapons
 a - a +0 war axe (weapon)
Armour
 b - a +1 scale mail (worn)
 c - a +0 buckler (worn)
Jewellery
 h - a ring of protection from cold (left hand)
Scrolls
 m - a scroll of torment
Potions
 g - a potion of brilliance {unknown}
 i - a potion of lignification {unknown}
 n - a potion of mutation {unknown}
 o - a potion of degeneration {unknown}


   Skills:
 + Level 4.3 Fighting
 + Level 3.9 Axes
 - Level 4.0 Armour
 + Level 1.8 Dodging
 + Level 4.8 Shields


You had 5 spell levels left.
You didn't know any spells.
Your spell library contained the following spells:

 Spells                   Type           Power      Damage    Failure   Level
 Tukima's Dance           Hex            0%         N/A       99%         3
 Passage of Golubria      Tloc           0%         N/A       100%        4
 Yara's Violent Unravell  Hex/Tmut       0%         3d3       100%        5


Dungeon Overview and Level Annotations

Branches:
Dungeon (3/15)

Altars:


Innate Abilities, Weirdness & Mutations

You passively map a small area around you.
You are easily found by Zot.
You glow in the dark.
You regain HP and MP as you explore.


Message History

You block the jackal's attack. The hound bites you but does no damage.
You block the howler monkey's attack.
The howler monkey hits you but does no damage.
You feel very mighty all of a sudden.
The jackal bites you but does no damage.
The hound bites you but does no damage. You block the howler monkey's attack.
The howler monkey hits you.
* * * LOW HITPOINT WARNING * * *
The jackal bites you but does no damage.
The hound bites you.
* * * LOW HITPOINT WARNING * * *
You slash the howler monkey!
The howler monkey is moderately wounded.
You hit the jackal.
You kill the jackal!
You barely miss the hound. You closely miss the howler monkey.
The hound bites you.
* * * LOW HITPOINT WARNING * * *
The howler monkey hoots and howls with incredible vigour!
The howler monkey hits you but does no damage.
You block the howler monkey's attack. The hound bites you.
* * * LOW HITPOINT WARNING * * *
You hear a shout! x3
Okay, then.
You barely miss the howler monkey.
The howler monkey is moderately wounded.
You barely miss the hound. You slash the howler monkey!
You kill the howler monkey!
The howler monkey barely misses you. The hound bites you but does no damage.
You block the howler monkey's attack. The hound bites you but does no damage.
You have reached level 6!
You feel stronger.
You closely miss the hound.
The hound is lightly wounded.
You slash the howler monkey!
You kill the howler monkey!
The hound bites you.
* * * LOW HITPOINT WARNING * * *
The hound bites you.
You die...

*
########################
,
.......@h...............
P.....†††...............
≈≈≈≈≈≈≈≈≈≈≈≈≈≈≈≈≈≈≈≈≈≈≈≈
≈≈≈≈≈≈≈≈≈≈≈≈≈≈≈≈≈≈≈≈≈≈≈≈
≈≈≈≈≈≈≈≈≈≈≈≈≈≈≈≈≈≈≈≈≈###
.....................#.o
*
######################..
, , * ,, , #+# * * ** #


You could see a hound.

Vanquished Creatures
  2 howler monkeys (D:3)
  A hound (D:3)
  3 adders
  2 worms (D:2)
  2 orcs (D:3)
  4 ball pythons
  5 endoplasms
  2 giant cockroaches
  7 goblins
  5 hobgoblins
  6 jackals (D:3)
  3 kobolds
  7 bats
  2 frilled lizards (D:3)
  5 rats
56 creatures vanquished.

Vanquished Creatures (others)
  3 plants
3 creatures vanquished.

Grand Total: 59 creatures vanquished

Notes
Turn   | Place    | Note
-------+----------+-------------------------------------------
     0 | D:1      | frimble the Meteoran Fighter began the quest for the Orb.
     0 | D:1      | Reached XP level 1. HP: 19/19 MP: 2/2
   175 | D:1      | Reached XP level 2. HP: 22/26 MP: 3/3
   294 | D:1      | Reached XP level 3. HP: 31/31 MP: 4/4
   641 | D:2      | Reached XP level 4. HP: 39/40 MP: 5/5
  1079 | D:3      | Reached skill level 1 in Dodging
  1079 | D:3      | Reached XP level 5. HP: 46/46 MP: 6/6
  1326 | D:3      | Reached XP level 6. HP: 4/53 MP: 7/7
  1326 | D:3      | HP: 2/53 [hound (2)]
  1326 | D:3      | Slain by a hound

Illustrated notes

Levels and vault maps discovered:
D:1:      lightli_arrival_quake, layout_basic, ebering_ecumenical_altar_hall,
          serial_forest, infiniplex_forest_corner_1, infiniplex_forest_clump_C,
          infiniplex_forest_clump_medium, infiniplex_forest_clump_medium,
          infiniplex_forest_straight_2, infiniplex_forest_clump_small,
          infiniplex_forest_end_1, infiniplex_forest_straight_4,
          minmay_split_cup_large
D:2:      layout_basic, grunt_ministairs_10
D:3:      lemuel_castle_with_subvaults [lemuel_castle_interior_carwin_1],
          layout_basic

Skill      XL: |  1  2  3  4 |
---------------+-------------+-----
Shields        | 4 |  4.8
Armour         | 4 |  4.0
Axes           | 3 |  3.9
Fighting       | 4 |  4.3
Dodging        | 1 |  1.8

Action                   |  1- 3 |  4- 6 || total
-------------------------+-------+-------++-------
Melee: War axe           |    83 |    69 ||   152
  Use: Scroll            |       |     7 ||     7
       Potion            |       |     1 ||     1
Armor: Scale mail        |    37 |    63 ||   100
Dodge: Dodged            |    24 |    30 ||    54
Block: Buckler           |    29 |    24 ||    53

Table legend: (Time is in decaauts)
 A = Elapsed time spent in this place.
 B = Non-inter-level travel time spent in this place.
 C = Inter-level travel time spent in this place.
 D = Time resting spent in this place.
 E = Time spent auto-exploring this place.
 F = Levels seen in this place.
 G = Mean time per level.
                   A        B        C        D        E       F      G
               +--------+--------+--------+--------+--------+-----+--------+
         Total |   1385 |   1312 |     73 |     23 |    891 |   3 |  461.7 |
       Dungeon |   1385 |   1312 |     73 |     23 |    891 |   3 |  461.7 |
               +--------+--------+--------+--------+--------+-----+--------+

Top non-repeatable levels by time:
     D:3: 545 daAuts
     D:1: 457 daAuts
     D:2: 383 daAuts
